[Event "Wed Night Engine Tour 13 Rd Swiss 3m+1s Starts at 2200hrs ST"]
[Site "Infinity Chess"]
[Date "2018.1.31"]
[Round "10"]
[White "Cepri"]
[Black "Ryzen"]
[Result "1/2-1/2"]
[ECO "C50"]
[WhiteElo "2483"]
[BlackElo "2473"]
[WhiteEngine "asmFishW_07N17_CTG"]
[BlackEngine "Houdini 6"]
[EventType "Swiss"]
[WhiteTeam ""]
[BlackTeam ""]
[PlyCount "77"]
[TimeControl "180+1"]

1. e4 e5 2. Nf3 Nc6 3. Bc4 Bc5 4. O-O Nf6 5. d3 d6 6. c3 a5 7. Re1 h6 
8. Nbd2 O-O 9. h3 Ba7 10. a4 Be6 11. Bxe6 fxe6 12. Nf1 Nh5 13. Be3 Qe8 
14. N1d2 Qg6 15. Qb3 Rab8 16. Re2 Nf4 17. Bxf4 Rxf4 18. Rf1 Bb6 19. Nh2 h5 
20. Nc4 Bc5 21. Kh1 Qh6 22. Qb5 g5 23. Nxa5 Nxa5 24. b4 Ba7 25. Qxa5 Bb6 
26. Qb5 g4 27. g3 Rf7 28. h4 Rbf8 29. Kg2 Bxf2 30. Rexf2 Rxf2+ 31. Rxf2 Rxf2+ 
32. Kxf2 Qd2+ 33. Kg1 Qe3+ 34. Kf1 Qc1+ 35. Ke2 Qc2+ 36. Ke3 Qc1+ 37. Ke2 Qc2+ 
38. Ke3 Qc1+ 39. Ke2 1/2-1/2

[Event "Wed Night Engine Tour 13 Rd Swiss 3m+1s Starts at 2200hrs ST"]
[Site "Infinity Chess"]
[Date "2018.1.31"]
[Round "10"]
[White "KULLANI"]
[Black "koalachess"]
[Result "1-0 "]
[ECO "C11"]
[WhiteElo "2490"]
[BlackElo "2306"]
[WhiteEngine "BrainFish_180124_x64_CTG"]
[BlackEngine "asmFishW_2017-11-19_popcnt_CTG"]
[EventType "Swiss"]
[WhiteTeam ""]
[BlackTeam ""]
[PlyCount "135"]
[TimeControl "180+1"]

1. e4 e6 2. d4 d5 3. Nc3 Nf6 4. e5 Nfd7 5. f4 c5 6. Nf3 Nc6 7. Be3 Qb6 
8. Na4 Qa5+ 9. c3 c4 10. b4 Qc7 11. Be2 b5 12. Nc5 Nxc5 13. bxc5 Rb8 14. a3 a5 
15. Bd2 b4 16. cxb4 axb4 17. axb4 Nxb4 18. Bc3 Nc6 19. h4 Be7 20. h5 h6 
21. Qd2 O-O 22. Bd1 Bd7 23. O-O Be8 24. Qe3 Bd7 25. Bc2 Nb4 26. Bxb4 Rxb4 
27. g4 Rb2 28. Rf2 Kh8 29. g5 Qb8 30. Rg2 hxg5 31. fxg5 Kg8 32. Ne1 Be8 
33. g6 fxg6 34. hxg6 Rxc2 35. Nxc2 Qb3 36. Qxb3 cxb3 37. Ne3 Bh4 38. Ra3 Bxg6 
39. Rxb3 Be4 40. Rgb2 Bg5 41. Ng2 Kh7 42. Rg3 Bc1 43. Rf2 Rc8 44. Rc3 Bg5 
45. c6 Rc7 46. Rb2 Kg6 47. Rb7 Bd8 48. Rxc7 Bxc7 49. Rb3 Kf5 50. Rb7 Bd8 
51. Rf7+ Kg4 52. Kf2 g6 53. Ne3+ Kg5 54. c7 Bxc7 55. Rxc7 Kf4 56. Rf7+ Kg5 
57. Re7 Bd3 58. Rxe6 Bb5 59. Rb6 Ba4 60. e6 Kh6 61. Nxd5 g5 62. Kg3 Kg6 
63. e7+ Kg7 64. Kg4 Bd7+ 65. Kxg5 Be8 66. Rf6 Ba4 67. Nc7 Bd7 68. Ne6+ 1-0

[Event "Wed Night Engine Tour 13 Rd Swiss 3m+1s Starts at 2200hrs ST"]
[Site "Infinity Chess"]
[Date "2018.1.31"]
[Round "10"]
[White "MiKachomiKa QueeN"]
[Black "MCDermont"]
[Result "1/2-1/2"]
[ECO "C11"]
[WhiteElo "2468"]
[BlackElo "2562"]
[WhiteEngine "Raubfisch X37b4_CTG"]
[BlackEngine "BrainFish 060118_CTG"]
[EventType "Swiss"]
[WhiteTeam ""]
[BlackTeam ""]
[PlyCount "197"]
[TimeControl "180+1"]

1. e4 e6 2. d4 d5 3. Nc3 Nf6 4. e5 Nfd7 5. f4 c5 6. Nf3 Nc6 7. Be3 cxd4 
8. Nxd4 Qb6 9. Qd2 Qxb2 10. Rb1 Qa3 11. Bb5 Nxd4 12. Bxd4 a6 13. Bxd7+ Bxd7 
14. Rb3 Qe7 15. Rxb7 Rc8 16. O-O Qd8 17. Qe3 Rc4 18. Rfb1 Be7 19. f5 Bg5 
20. Qd3 O-O 21. Ne4 Bc8 22. Bb6 Be3+ 23. Qxe3 Qh4 24. Nf6+ gxf6 25. Rc7 exf5 
26. Rxc4 dxc4 27. exf6 Kh8 28. Bc7 Rg8 29. Bg3 Qg4 30. Qf4 c3 31. a3 Bd7 
32. Qxg4 fxg4 33. Rb7 Be6 34. Ra7 Rd8 35. Bf4 h5 36. Rxa6 Rd1+ 37. Kf2 Kh7 
38. Rc6 Kg6 39. Rxc3 Ra1 40. Kg3 Kxf6 41. Bd6 Rd1 42. Rd3 Rc1 43. Rd2 Bf5 
44. Bb4 Rxc2 45. Rxc2 Bxc2 46. Kf4 Bb3 47. g3 Bd1 48. Bc3+ Kg6 49. Bb4 f6 
50. Ke4 Bb3 51. Bd2 f5+ 52. Kf4 Kf6 53. Be3 Bc2 54. Bd4+ Kg6 55. Ke5 Kg5 
56. Bb6 Bb3 57. Be3+ Kg6 58. Kf4 Bc2 59. Bd4 Bb3 60. Be3 Bd1 61. Bd4 Bb3 
62. Be5 Ba4 63. Bd6 Bc2 64. Be5 Bd1 65. Bc3 Bb3 66. Bd4 Ba4 67. Be5 Bc2 
68. Bd6 Bb3 69. Be7 Ba4 70. Bh4 Bd1 71. Bg5 Bc2 72. Bh4 Ba4 73. Ke5 Bc6 
74. Be7 Bd7 75. Bb4 Be8 76. Bc5 Ba4 77. Bb6 Bc2 78. Bc5 Kg5 79. Be3+ Kg6 
80. Kd4 Kf6 81. Kc3 Ba4 82. Kb4 Bd7 83. Bf4 Ke6 84. Kc3 Kf7 85. Bg5 Kg6 
86. Be3 Kf6 87. Bf4 Ke6 88. Kd3 Kf7 89. Kd2 Kg6 90. Kc3 Kf6 91. Kd3 Bc6 
92. Bd2 Be8 93. Bc3+ Kg6 94. Be5 Bd7 95. Ke3 Kf7 96. Bc3 Kg6 97. Be5 Be8 
98. Bd6 Bd7 99. Be5 1/2-1/2

[Event "Wed Night Engine Tour 13 Rd Swiss 3m+1s Starts at 2200hrs ST"]
[Site "Infinity Chess"]
[Date "2018.1.31"]
[Round "10"]
[White "MGR"]
[Black "star99"]
[Result "1-0"]
[ECO "D15"]
[WhiteElo "2564"]
[BlackElo "2450"]
[WhiteEngine "asmFishW_2017-08-25_bmi2"]
[BlackEngine "Cryptic Heroes V4.2"]
[EventType "Swiss"]
[WhiteTeam ""]
[BlackTeam ""]
[PlyCount "163"]
[TimeControl "180+1"]

1. d4 d5 2. c4 c6 3. Nf3 Nf6 4. Nc3 e6 5. e3 Nbd7 6. Qc2 Bd6 7. Bd3 dxc4 
8. Bxc4 O-O 9. O-O a6 10. Rd1 b5 11. Bd3 Qe7 12. Ne4 Nxe4 13. Bxe4 Nf6 
14. Bxc6 Qc7 15. Ne1 Bxh2+ 16. Kh1 Rb8 17. g3 Ng4 18. Bf3 Qxc2 19. Nxc2 Nxf2+ 
20. Kxh2 Nxd1 21. Bxd1 b4 22. Ne1 Rd8 23. Nd3 a5 24. a3 Ba6 25. Nc5 Bb5 
26. axb4 axb4 27. Bb3 Rbc8 28. Ra7 h5 29. Rb7 Bc6 30. Rxb4 e5 31. Bd2 exd4 
32. Rxd4 Rxd4 33. exd4 Re8 34. Bc4 Bd5 35. Bd3 Ra8 36. Kg1 f6 37. Na6 Bb3 
38. Be2 g6 39. Kf2 Kf7 40. d5 Re8 41. Nc7 Re4 42. Be3 Ke7 43. Bd3 Rg4 
44. Bb5 Ba4 45. Bc5+ Kd8 46. Ne6+ Kc8 47. Ba6+ Kd7 48. Be2 Re4 49. Nf8+ Kd8 
50. Nxg6 Be8 51. Nf4 Ra4 52. Ke3 Ra2 53. Ne6+ Kc8 54. Bd4 Ra5 55. Nc5 Bb5 
56. d6 Be8 57. Bd3 Ra8 58. Bxf6 Ra1 59. b4 Ra3 60. Be5 Bb5 61. Kd4 Bc6 
62. b5 Rxd3+ 63. Kxd3 Bxb5+ 64. Ke3 Be8 65. d7+ Bxd7 66. Nxd7 Kxd7 67. Kf4 Ke6 
68. Ba1 Kd7 69. Kg5 Ke6 70. Kxh5 Kd5 71. g4 Kc4 72. g5 Kb3 73. g6 Ka2 
74. Bh8 Kb3 75. g7 Kb4 76. g8=Q Kc5 77. Be5 Kb5 78. Qd5+ Kb4 79. Kh6 Ka4 
80. Qc4+ Ka3 81. Qb5 Ka2 82. Qb2# 1-0

[Event "Wed Night Engine Tour 13 Rd Swiss 3m+1s Starts at 2200hrs ST"]
[Site "Infinity Chess"]
[Date "2018.1.31"]
[Round "10"]
[White "BraveDevil"]
[Black "Victorious"]
[Result "1/2-1/2"]
[ECO "C52"]
[WhiteElo "2442"]
[BlackElo "2571"]
[WhiteEngine "Cryptic Heroes V4.2"]
[BlackEngine "Houdini 6"]
[EventType "Swiss"]
[WhiteTeam ""]
[BlackTeam ""]
[PlyCount "148"]
[TimeControl "180+1"]

1. e4 e5 2. Nf3 Nc6 3. Bc4 Bc5 4. b4 Bxb4 5. c3 Ba5 6. d4 d6 7. Qb3 Qd7 
8. O-O Bb6 9. Nbd2 Na5 10. Qc2 exd4 11. cxd4 Ne7 12. Re1 O-O 13. Bf1 h6 
14. Rb1 Ng6 15. d5 c6 16. Qc3 Qc7 17. Ba3 Bd7 18. Rbc1 Rac8 19. Bb2 f6 
20. Nd4 Ne5 21. Qg3 Bc5 22. Bc3 cxd5 23. exd5 Qb6 24. N2f3 Nac4 25. Rb1 Qc7 
26. Ne6 Bxe6 27. dxe6 Nxf3+ 28. gxf3 d5 29. Rbd1 Qxg3+ 30. hxg3 Nb6 31. f4 Rfe8 
32. Bb5 Re7 33. Ba5 a6 34. Rc1 Nc4 35. Bd7 Ra8 36. Red1 Ba3 37. Rc3 Nxa5 
38. Rxa3 Nc4 39. Rb3 b5 40. Rxd5 Nb6 41. Rd2 Nxd7 42. exd7 Rd8 43. Rbd3 Kf7 
44. a3 h5 45. Rd5 Re1+ 46. Kg2 Ke7 47. Kf3 g6 48. R2d3 Re6 49. Kg2 Re4 
50. f3 Re2+ 51. Kf1 Re6 52. Kg2 Re2+ 53. Kf1 Rh2 54. Re3+ Kf7 55. Rd6 a5 
56. Kg1 Rc2 57. g4 hxg4 58. fxg4 Rc4 59. Rh3 Re4 60. Kg2 Kg7 61. Rc3 Kf7 
62. Rc8 Ke7 63. Rxf6 Rxd7 64. Rxg6 Rxf4 65. Kg3 Ra4 66. Rc3 Rad4 67. Kh4 Rd3 
68. Rc5 b4 69. Rxa5 bxa3 70. Rg7+ Kf6 71. Rxd7 Rxd7 72. Ra6+ Kg7 73. Kh5 Rd3 
74. Kg5 Rg3 1/2-1/2

[Event "Wed Night Engine Tour 13 Rd Swiss 3m+1s Starts at 2200hrs ST"]
[Site "Infinity Chess"]
[Date "2018.1.31"]
[Round "9"]
[White "koalachess"]
[Black "Cepri"]
[Result "0-1 "]
[ECO "C58"]
[WhiteElo "2316"]
[BlackElo "2473"]
[WhiteEngine "asmFishW_2017-11-19_popcnt_CTG"]
[BlackEngine "asmFishW_07N17_CTG"]
[EventType "Swiss"]
[WhiteTeam ""]
[BlackTeam ""]
[PlyCount "143"]
[TimeControl "180+1"]

1. e4 e5 2. Nf3 Nc6 3. Bc4 Nf6 4. Ng5 d5 5. exd5 Na5 6. Bb5+ c6 7. dxc6 bxc6 
8. Qf3 Be7 9. Bxc6+ Nxc6 10. Qxc6+ Bd7 11. Qf3 O-O 12. Nc3 Ng4 13. h3 Nxf2 
14. Qxf2 Bxg5 15. O-O Bh4 16. Qc5 e4 17. Kh1 Be6 18. a4 Re8 19. Rf4 f5 
20. d3 Bg3 21. dxe4 Bxf4 22. Bxf4 fxe4 23. Qe3 Qf6 24. Nb5 Rf8 25. Bd6 Rf7 
26. Qxe4 Rd8 27. Re1 Bf5 28. Qe8+ Rf8 29. Qe5 Qxe5 30. Rxe5 Rf7 31. c3 a6 
32. Nd4 Bxh3 33. Bc5 Bd7 34. a5 Rf1+ 35. Kh2 Re8 36. Rd5 Bc8 37. Rd6 Ra1 
38. Ba3 h5 39. Rb6 Rd1 40. Bc5 h4 41. Rb8 h3 42. gxh3 Rd3 43. h4 Kh7 44. Kg1 Rd2 
45. Nf3 Rc2 46. Bf2 Ree2 47. Nd4 Rxb2 48. Nxe2 Rxb8 49. Bb6 Bg4 50. Nc1 Rc8 
51. Bd4 Rc4 52. Nd3 Ra4 53. Bb6 Bc8 54. Ne5 Rxh4 55. Kf2 Re4 56. Bd4 g5 
57. Kg3 Be6 58. Kf3 Bd5 59. Kf2 Kg7 60. Nd7+ Kg6 61. Nc5 Rf4+ 62. Ke3 Bc4 
63. Ne4 Rh4 64. Nd2 Bd5 65. c4 Rh3+ 66. Kf2 Be6 67. c5 Bd5 68. Be5 Rd3 
69. Nf1 Rf3+ 70. Kg1 Kf5 71. Bc7 Rc3 72. Bd6 0-1

[Event "Wed Night Engine Tour 13 Rd Swiss 3m+1s Starts at 2200hrs ST"]
[Site "Infinity Chess"]
[Date "2018.1.31"]
[Round "9"]
[White "MiKachomiKa QueeN"]
[Black "KULLANI"]
[Result "1/2-1/2 "]
[ECO "C77"]
[WhiteElo "2467"]
[BlackElo "2491"]
[WhiteEngine "Raubfisch X37b4_CTG"]
[BlackEngine "BrainFish_180124_x64_CTG"]
[EventType "Swiss"]
[WhiteTeam ""]
[BlackTeam ""]
[PlyCount "126"]
[TimeControl "180+1"]

1. e4 e5 2. Nf3 Nc6 3. Bb5 a6 4. Ba4 Nf6 5. O-O Be7 6. Re1 b5 7. Bb3 O-O 
8. c3 d5 9. exd5 Nxd5 10. Nxe5 Nxe5 11. Rxe5 c6 12. Re1 Bd6 13. d4 Qh4 
14. g3 Qh3 15. Qe2 Bg4 16. Qf1 Qh5 17. Nd2 Rae8 18. f3 Rxe1 19. Qxe1 Bxf3 
20. Nxf3 Qxf3 21. a4 b4 22. Bd2 Rb8 23. Bc4 a5 24. Qf2 Qg4 25. Rf1 Qd7 
26. Qf3 Bf8 27. Bf4 Rb6 28. Bg5 Rb8 29. Bf4 Rb6 30. cxb4 Bxb4 31. h4 Rb7 
32. Be5 f6 33. Bf4 Kf8 34. Kg2 Nxf4+ 35. Qxf4 Bd6 36. Qd2 Qg4 37. Rf3 Qe4 
38. b3 Bb4 39. Qd3 Re7 40. Qxe4 Rxe4 41. Bd3 Rxd4 42. Bxh7 Kf7 43. h5 Rd2+ 
44. Kh3 Bd6 45. Re3 Be5 46. Rd3 Rxd3 47. Bxd3 Ke6 48. Kg4 Bd4 49. Bg6 Ke5 
50. Be8 c5 51. Kf3 f5 52. Bd7 Bg1 53. Bc8 Bd4 54. g4 fxg4+ 55. Kxg4 Be3 
56. Bd7 Kd6 57. Be8 Ke5 58. Bd7 Bd2 59. Bb5 Be3 60. Bc4 Bc1 61. Bd3 Bf4 
62. Kf3 Kd4 63. Bb5 Bc1 1/2-1/2

[Event "Wed Night Engine Tour 13 Rd Swiss 3m+1s Starts at 2200hrs ST"]
[Site "Infinity Chess"]
[Date "2018.1.31"]
[Round "9"]
[White "MCDermont"]
[Black "RonWeasley"]
[Result "1/2-1/2"]
[ECO "C11"]
[WhiteElo "2564"]
[BlackElo "2503"]
[WhiteEngine "BrainFish 060118_CTG"]
[BlackEngine "BrainFish 060118_CTG"]
[EventType "Swiss"]
[WhiteTeam ""]
[BlackTeam ""]
[PlyCount "102"]
[TimeControl "180+1"]

1. e4 e6 2. d4 d5 3. Nc3 Nf6 4. e5 Nfd7 5. f4 c5 6. Nf3 Nc6 7. Be3 cxd4 
8. Nxd4 Qb6 9. a3 Bc5 10. Ncb5 a6 11. b4 axb5 12. bxc5 Qxc5 13. Qd2 Rxa3 
14. Rxa3 Qxa3 15. Bxb5 Qa1+ 16. Qd1 Nxd4 17. Qxa1 Nxc2+ 18. Kd2 Nxa1 
19. Rxa1 O-O 20. Rc1 b6 21. Rc7 Nc5 22. g3 d4 23. Bxd4 Rd8 24. Ke2 Ba6 
25. Bxa6 Nxa6 26. Rc6 Nb4 27. Rxb6 Nd5 28. Rd6 Ra8 29. f5 Ne7 30. fxe6 Nf5 
31. Bb6 fxe6 32. Rd8+ Rxd8 33. Bxd8 Nd4+ 34. Ke3 Nc6 35. Bc7 Kf7 36. g4 Kg6 
37. Kf4 h5 38. h3 Nd4 39. h4 Ne2+ 40. Kf3 Nd4+ 41. Kf4 hxg4 42. Kxg4 Nc6 
43. h5+ Kh6 44. Bd6 Nd8 45. Bc5 Nc6 46. Be3+ Kh7 47. Kf4 g5+ 48. Kxg5 Nxe5 
49. Bf4 Nd3 50. Bh2 e5 51. Bg1 Nf4 1/2-1/2

[Event "Wed Night Engine Tour 13 Rd Swiss 3m+1s Starts at 2200hrs ST"]
[Site "Infinity Chess"]
[Date "2018.1.31"]
[Round "9"]
[White "Victorious"]
[Black "ocirema"]
[Result "1-0 "]
[ECO "C55"]
[WhiteElo "2559"]
[BlackElo "2456"]
[WhiteEngine "Houdini 6"]
[BlackEngine "stockfish_18013111_x64_modern_CTG"]
[EventType "Swiss"]
[WhiteTeam ""]
[BlackTeam ""]
[PlyCount "67"]
[TimeControl "180+1"]

1. e4 e5 2. Nf3 Nc6 3. Bc4 Nf6 4. d3 Bc5 5. O-O d6 6. c3 O-O 7. Bg5 a6 
8. Nbd2 h6 9. Bh4 Ba7 10. Bb3 g5 11. Bg3 Na5 12. Bc2 Nh5 13. Kh1 Nc6 
14. Nc4 Nxg3+ 15. fxg3 b5 16. Ncd2 Kg7 17. a4 Bd7 18. Bb3 Bb6 19. h3 Rc8 
20. g4 Na5 21. Bc2 Nc6 22. Ng1 h5 23. gxh5 g4 24. Rf5 gxh3 25. Nxh3 Bxf5 
26. exf5 d5 27. Qf3 f6 28. Re1 Kh8 29. axb5 axb5 30. g4 b4 31. Bb3 Ne7 
32. d4 Qd6 33. Qg3 bxc3 34. bxc3 1-0

[Event "Wed Night Engine Tour 13 Rd Swiss 3m+1s Starts at 2200hrs ST"]
[Site "Infinity Chess"]
[Date "2018.1.31"]
[Round "9"]
[White "MGR"]
[Black "BraveDevil"]
[Result "1/2-1/2 "]
[ECO "E17"]
[WhiteElo "2569"]
[BlackElo "2437"]
[WhiteEngine "asmFishW_2017-08-25_bmi2"]
[BlackEngine "Cryptic Heroes V4.2"]
[EventType "Swiss"]
[WhiteTeam ""]
[BlackTeam ""]
[PlyCount "100"]
[TimeControl "180+1"]

1. d4 Nf6 2. c4 e6 3. Nf3 b6 4. g3 Bb7 5. Bg2 Be7 6. Nc3 Ne4 7. Bd2 O-O 
8. O-O Nxd2 9. Qxd2 d6 10. Qc2 g6 11. d5 Bf6 12. Rad1 e5 13. Bh3 Nd7 14. e3 Bg7 
15. e4 a5 16. a3 Nc5 17. b3 Ba6 18. Rfe1 Bb7 19. Rc1 a4 20. b4 Nb3 21. Rcd1 Bc8 
22. Bxc8 Qxc8 23. Rd3 f5 24. exf5 Qxf5 25. Ne4 Nd4 26. Nxd4 exd4 27. f3 g5 
28. g4 Qg6 29. Re2 Be5 30. Qd1 h6 31. Ng3 Rae8 32. Kf2 Kh8 33. Nh5 b5 
34. cxb5 Qf7 35. Kg2 Qxd5 36. Qxa4 Ra8 37. Qc2 Qxb5 38. Ng3 Rae8 39. Nf5 c5 
40. Rd1 h5 41. h3 cxb4 42. axb4 Qxb4 43. Qd3 Qb7 44. Nxd4 Rc8 45. Rb1 Qd5 
46. Rd1 Qb7 47. Qb5 Qxb5 48. Nxb5 Rf6 49. Red2 h4 50. Nxd6 Bxd6 1/2-1/2

[Event "Wed Night Engine Tour 13 Rd Swiss 3m+1s Starts at 2200hrs ST"]
[Site "Infinity Chess"]
[Date "2018.1.31"]
[Round "8"]
[White "koalachess"]
[Black "star99"]
[Result "1/2-1/2 "]
[ECO "B22"]
[WhiteElo "2310"]
[BlackElo "2456"]
[WhiteEngine "asmFishW_2017-11-19_popcnt_CTG"]
[BlackEngine "Cryptic Heroes V4.2"]
[EventType "Swiss"]
[WhiteTeam ""]
[BlackTeam ""]
[PlyCount "183"]
[TimeControl "180+1"]

1. e4 c5 2. c3 d5 3. exd5 Qxd5 4. d4 Nf6 5. Nf3 Nc6 6. Be2 e6 7. O-O cxd4 
8. cxd4 Be7 9. Nc3 Qd6 10. Bg5 O-O 11. Rc1 Bd7 12. Nb5 Qb8 13. Re1 a6 
14. Nc3 Rd8 15. h3 Be8 16. Be3 Nb4 17. Ne5 Nfd5 18. a3 Nxe3 19. fxe3 Nd5 
20. Nxd5 exd5 21. Qb3 Bf6 22. Ng4 Bg5 23. Bd3 Qd6 24. Qc2 g6 25. Qc7 h5 
26. Ne5 Qe6 27. Rc2 Bh4 28. Rf1 Rab8 29. e4 Rdc8 30. exd5 Qxd5 31. Qb6 Bd8 
32. Qb4 a5 33. Rc5 Qxg2+ 34. Kxg2 axb4 35. axb4 Bb6 36. Rxc8 Rxc8 37. d5 Kg7 
38. Nc4 Bc7 39. Ra1 f5 40. Be2 b5 41. d6 Bb8 42. Nb6 Rd8 43. d7 Bxd7 
44. Nxd7 Rxd7 45. Rd1 Re7 46. Bxb5 Re3 47. Rd8 Be5 48. Re8 Rg3+ 49. Kf2 Bf4 
50. Bf1 h4 51. b5 Rb3 52. Re6 Rxb2+ 53. Kg1 Rb4 54. Kg2 Rb2+ 55. Kg1 Rb1 
56. Kf2 Rb3 57. Kg2 Kh6 58. Rc6 Be5 59. b6 Rb2+ 60. Kh1 Bd4 61. Bd3 Kg5 
62. Bc4 Rxb6 63. Rxb6 Bxb6 64. Bf7 Kf6 65. Be8 g5 66. Kg2 Bc5 67. Bd7 Bb6 
68. Be8 Bc7 69. Bb5 Bg3 70. Bd7 Be1 71. Be8 Bb4 72. Kf3 Ke6 73. Bb5 Kd6 
74. Bd3 Ke5 75. Bb5 Bc3 76. Bf1 Kf6 77. Bd3 Be5 78. Bb5 Bb2 79. Bf1 Be5 
80. Bb5 Ba1 81. Bf1 Kg7 82. Bc4 Bd4 83. Bf1 Bg1 84. Bd3 Kf6 85. Bb5 Bb6 
86. Bc4 Ba5 87. Bf1 Bc3 88. Bd3 Ke5 89. Bc4 Ba5 90. Bf1 Bc7 91. Bd3 Bd8 92. Bf1 
1/2-1/2

[Event "Wed Night Engine Tour 13 Rd Swiss 3m+1s Starts at 2200hrs ST"]
[Site "Infinity Chess"]
[Date "2018.1.31"]
[Round "8"]
[White "Dovahkiin"]
[Black "ocirema"]
[Result "1/2-1/2"]
[ECO "C50"]
[WhiteElo "2462"]
[BlackElo "2456"]
[WhiteEngine "BrainFish_180128_x64_modern_CTG"]
[BlackEngine "stockfish_18013111_x64_modern_CTG"]
[EventType "Swiss"]
[WhiteTeam ""]
[BlackTeam ""]
[PlyCount "156"]
[TimeControl "180+1"]

1. e4 e5 2. Nf3 Nc6 3. Bc4 Bc5 4. O-O Nf6 5. d3 d6 6. c3 a5 7. Re1 h6 
8. Nbd2 O-O 9. Bb5 Ba7 10. h3 Ne7 11. d4 Ng6 12. Ba4 Bd7 13. Nf1 Re8 14. Ng3 b5 
15. Bc2 a4 16. Be3 c5 17. b3 cxd4 18. cxd4 Qa5 19. Bd2 Qa6 20. Be3 exd4 
21. Bxd4 Ne5 22. Bxa7 Qxa7 23. Nd4 axb3 24. Bxb3 g6 25. Qd2 Kg7 26. Rad1 Qc5 
27. Rc1 Nc4 28. Qc3 Qe5 29. a4 Na5 30. Nxb5 Qxc3 31. Rxc3 Reb8 32. Bc2 Bxb5 
33. axb5 Rxb5 34. Rd1 Nb7 35. Nf1 Rc5 36. Rxc5 Nxc5 37. f3 Ra2 38. Ne3 Ne8 
39. h4 h5 40. Kf1 Kf8 41. Ke2 Ke7 42. Rd2 Ra1 43. Rd1 Ra3 44. Nd5+ Kd7 
45. Rd2 Ra1 46. Nb6+ Ke6 47. Nc4 Ke7 48. Nb6 Ke6 49. Nc4 Ke7 50. Bd1 Ra6 
51. Ne3 Nf6 52. g3 Nfd7 53. Nd5+ Kf8 54. Nc7 Rb6 55. Ra2 Nf6 56. Ra8+ Ke7 
57. Ra7 Rb2+ 58. Ke3 Nfd7 59. Be2 Ne5 60. Nb5+ Kf8 61. Nxd6 Rb3+ 62. Kd2 Nxf3+ 
63. Kc2 Nd4+ 64. Kd1 Nxe2 65. Kxe2 Rxg3 66. Rc7 Nb3 67. Rxf7+ Kg8 68. Rf6 Kg7 
69. Rf4 Rg4 70. Ne8+ Kh6 71. Rxg4 hxg4 72. Nf6 g5 73. h5 Nc5 74. e5 Ne6 
75. Nxg4+ Kxh5 76. Kf3 Nd4+ 77. Ke4 Ne6 78. Nf6+ Kg6 1/2-1/2

[Event "Wed Night Engine Tour 13 Rd Swiss 3m+1s Starts at 2200hrs ST"]
[Site "Infinity Chess"]
[Date "2018.1.31"]
[Round "8"]
[White "Ryzen"]
[Black "MiKachomiKa QueeN"]
[Result "1/2-1/2"]
[ECO "E10"]
[WhiteElo "2473"]
[BlackElo "2467"]
[WhiteEngine "Houdini 6"]
[BlackEngine "Raubfisch X37b4_CTG"]
[EventType "Swiss"]
[WhiteTeam ""]
[BlackTeam ""]
[PlyCount "121"]
[TimeControl "180+1"]

1. d4 Nf6 2. c4 e6 3. Nf3 d5 4. e3 Bd6 5. c5 Be7 6. b4 b6 7. a3 c6 8. Nc3 O-O 
9. Be2 Ba6 10. Bxa6 Nxa6 11. O-O Nb8 12. Ne5 Qc7 13. Nd3 Nbd7 14. Bb2 a5 
15. Ne2 Ra7 16. Qc2 Rb8 17. f3 Rba8 18. g3 Ne8 19. Rfb1 g6 20. Kg2 Bg5 
21. Nef4 Bf6 22. Nf2 Bg7 23. N4d3 h5 24. Qc3 Qc8 25. h3 h4 26. g4 Nef6 
27. Qc2 axb4 28. axb4 Qb8 29. f4 Ne4 30. g5 Ng3 31. Kf3 Rxa1 32. Rxa1 Rxa1 
33. Bxa1 bxc5 34. Nxc5 Nxc5 35. bxc5 Nf5 36. Bc3 Qa8 37. Nd3 Qa6 38. Qb1 Qc4 
39. Be1 e5 40. fxe5 Bxe5 41. dxe5 Qe4+ 42. Ke2 Qxe3+ 43. Kd1 Qxh3 44. Bf2 Kg7 
45. e6 Qf1+ 46. Kc2 Qe2+ 47. Kc1 h3 48. Qb2+ Qxb2+ 49. Kxb2 f6 50. gxf6+ Kxf6 
51. Bg1 g5 52. Nf2 Kxe6 53. Kc3 d4+ 54. Kc4 g4 55. Nxg4 Ne3+ 56. Bxe3 dxe3 
57. Kd3 e2 58. Kxe2 Kd5 59. Nf2 h2 60. Kf1 h1=Q+ 61. Nxh1 1/2-1/2

[Event "Wed Night Engine Tour 13 Rd Swiss 3m+1s Starts at 2200hrs ST"]
[Site "Infinity Chess"]
[Date "2018.1.31"]
[Round "8"]
[White "BraveDevil"]
[Black "KULLANI"]
[Result "1/2-1/2"]
[ECO "D05"]
[WhiteElo "2435"]
[BlackElo "2493"]
[WhiteEngine "Cryptic Heroes V4.2"]
[BlackEngine "BrainFish_180124_x64_CTG"]
[EventType "Swiss"]
[WhiteTeam ""]
[BlackTeam ""]
[PlyCount "181"]
[TimeControl "180+1"]

1. d4 d5 2. Nf3 Nf6 3. e3 e6 4. Bd3 c5 5. c3 Nc6 6. Nbd2 Bd6 7. dxc5 Bxc5 
8. b4 Bd6 9. Bb2 a6 10. a3 Ne5 11. Nxe5 Bxe5 12. O-O O-O 13. Qe2 Re8 14. f4 Bc7 
15. Nf3 Qe7 16. Ne5 b5 17. a4 bxa4 18. Rxa4 Bb7 19. Rfa1 Reb8 20. Bxa6 Bxa6 
21. Rxa6 Rxa6 22. Rxa6 Bxe5 23. fxe5 Ne4 24. b5 g5 25. c4 Qb4 26. Bd4 dxc4 
27. b6 Nc5 28. Ra1 Nb3 29. Rf1 Nxd4 30. exd4 Qxb6 31. Qxc4 h6 32. h3 Qb2 
33. Kh2 Qb5 34. Qxb5 Rxb5 35. h4 Rd5 36. hxg5 Rxd4 37. gxh6 Rh4+ 38. Kg1 Rxh6 
39. Rf4 Rh5 40. Re4 Rg5 41. g4 Kh8 42. Rf4 Kg8 43. Re4 Kh7 44. Kg2 Rg8 
45. Rf4 Kg7 46. Rf6 Rh8 47. Kf2 Rh4 48. Kf3 Rh1 49. Ke3 Re1+ 50. Kd4 Rd1+ 
51. Ke3 Ra1 52. Kf4 Rf1+ 53. Kg5 Ra1 54. Rf2 Re1 55. Kf4 Kg6 56. Rh2 Rf1+ 
57. Kg3 Rg1+ 58. Kf4 Rf1+ 59. Kg3 Re1 60. Kf4 Rc1 61. Rh5 Rc4+ 62. Kf3 Rc1 
63. Kf4 Kg7 64. Rg5+ Kh6 65. Rh5+ Kg7 66. Rg5+ Kh8 67. Rh5+ Kg8 68. Rg5+ Kh8 
69. Rh5+ Kg8 70. Rg5+ Kf8 71. Kf3 Rd1 72. Ke2 Rd4 73. Kf3 Rd1 74. Ke3 Rf1 
75. Kd3 Ra1 76. Ke3 Ra3+ 77. Ke4 Ra8 78. Ke3 Ra4 79. Kf3 Ra3+ 80. Ke2 Ra5 
81. Kf3 Ra3+ 82. Ke2 Rc3 83. Kf2 Rc1 84. Ke2 Rc3 85. Ke1 Rf3 86. Ke2 Rf4 
87. Ke3 Ra4 88. Kd2 Ra6 89. Rh5 Ra1 90. Rh6 Kg7 91. Rh7+ 1/2-1/2

[Event "Wed Night Engine Tour 13 Rd Swiss 3m+1s Starts at 2200hrs ST"]
[Site "Infinity Chess"]
[Date "2018.1.31"]
[Round "8"]
[White "Cepri"]
[Black "Victorious"]
[Result "1/2-1/2"]
[ECO "C50"]
[WhiteElo "2469"]
[BlackElo "2563"]
[WhiteEngine "asmFishW_07N17_CTG"]
[BlackEngine "Houdini 6"]
[EventType "Swiss"]
[WhiteTeam ""]
[BlackTeam ""]
[PlyCount "110"]
[TimeControl "180+1"]

1. e4 e5 2. Nf3 Nc6 3. Bc4 Bc5 4. O-O Nf6 5. d3 d6 6. c3 O-O 7. Nbd2 a6 
8. a4 Ne7 9. Re1 Ng6 10. h3 Ba7 11. d4 c6 12. Bf1 Re8 13. Qc2 Qc7 14. dxe5 Nxe5 
15. Nxe5 dxe5 16. a5 h6 17. Nf3 Qe7 18. Bd2 Bd7 19. Qb3 Qd6 20. Bc4 Be6 
21. Bxe6 Qxe6 22. Qxe6 Rxe6 23. Be3 Bxe3 24. Rxe3 Rd8 25. Kf1 Kf8 26. Ke2 Red6 
27. b4 g5 28. Rc1 c5 29. Nxe5 Re6 30. Nc4 cxb4 31. cxb4 Nxe4 32. f3 Ng3+ 
33. Kf2 Nf5 34. Rxe6 fxe6 35. Ne3 Rd2+ 36. Ke1 Rd4 37. Nxf5 exf5 38. Rc8+ Ke7 
39. Rc7+ Rd7 40. Rxd7+ Kxd7 41. g4 Kd6 42. Kd2 f4 43. Kd3 Kd7 44. Kc4 Kc6 
45. b5+ axb5+ 46. Kb4 Kd7 47. Kxb5 Kc8 48. Kb6 Kb8 49. Kb5 Kc8 50. Kc5 Kc7 
51. Kc4 Kc6 52. Kb4 Kd6 53. Kc4 Kc6 54. Kb4 Kd7 55. Kb5 Kc8 1/2-1/2

[Event "Wed Night Engine Tour 13 Rd Swiss 3m+1s Starts at 2200hrs ST"]
[Site "Infinity Chess"]
[Date "2018.1.31"]
[Round "8"]
[White "MCDermont"]
[Black "MGR"]
[Result "1/2-1/2 "]
[ECO "C53"]
[WhiteElo "2564"]
[BlackElo "2569"]
[WhiteEngine "BrainFish 060118_CTG"]
[BlackEngine "asmFishW_2017-08-25_bmi2"]
[EventType "Swiss"]
[WhiteTeam ""]
[BlackTeam ""]
[PlyCount "94"]
[TimeControl "180+1"]

1. e4 e5 2. Nf3 Nc6 3. Bc4 Bc5 4. c3 Nf6 5. d3 d6 6. Bb3 a5 7. Bg5 h6 8. Bh4 O-O 
9. O-O g5 10. Bg3 g4 11. Nh4 Nh5 12. a4 Qg5 13. Na3 Bd7 14. Re1 Be6 15. Nc4 Nxg3 
16. hxg3 h5 17. Re2 Qf6 18. Qd2 b6 19. Rd1 Rad8 20. Qc2 Ne7 21. Nd2 Bc8 
22. Ba2 c6 23. Nc4 Be6 24. Qd2 Rfe8 25. d4 exd4 26. cxd4 Bb4 27. Qc2 Ng6 
28. Nxg6 Qxg6 29. Bb1 Kg7 30. Nxb6 Rh8 31. Qxc6 h4 32. Nd5 Rc8 33. Qb7 hxg3 
34. fxg3 Qh6 35. Nf4 Qh1+ 36. Kf2 Qxd1 37. Nxe6+ Kg6 38. Qe7 fxe6 39. Qxe6+ Kh7 
40. e5+ Qxb1 41. Qe7+ Kg6 42. Qf6+ Kh7 43. Qh4+ Kg8 44. Qg5+ Kf7 45. Qf6+ Kg8 
46. Qe6+ Kg7 47. Qf6+ Kg8 1/2-1/2